 Dungeon Crawl Stone Soup version 0.17-a0-1368-g6ab37f2 (webtiles) character file.

489 Volodja the Grappler (level 6, -2/59 HPs)
             Began as a Troll Monk on June 12, 2015.
             Slain by a gnoll
             ... wielding a +0 spear
              (11 damage)
             ... on level 5 of the Dungeon.
             The game lasted 00:06:40 (3306 turns).

Volodja the Grappler (Troll Monk)                   Turns: 3306, Time: 00:06:40

Health: -2/59      AC:  5    Str: 20    XL:     6   Next: 90%
Magic:  5/5        EV: 10    Int:  6    God:
Gold:   141        SH:  0    Dex: 14    Spells: 0 memorised, 5 levels left

rFire  . . .     SeeInvis .       - Unarmed
rCold  . . .     Clarity  .     a - +0 robe
rNeg   . . .     SustAt   .     (no shield)
rPois  .         Gourm    +     (helmet restricted)
rElec  .         Spirit   .     (no cloak)
rCorr  .         Warding  .     (gloves unavailable)
rMut   .         Stasis   .     (boots unavailable)
MR     .....                    (no amulet)
Stlth  ++........               (no ring)
                                (no ring)

@: not resistant to hostile enchantments, unstealthy
A: unfitting armour, claws 3, fast metabolism 3, gourmand, regeneration 2,
shaggy fur 1, tough skin 2
a: no special abilities


You were on level 5 of the Dungeon.
You were very full.

You visited 1 branch of the dungeon, and saw 5 of its levels.

You collected 141 gold pieces.

Inventory:

Armour
 a - a +0 robe (worn)
Jewellery
 p - an uncursed ring of protection from fire {unknown}
 w - an uncursed ring of stealth {unknown}
Magical devices
 l - a wand of polymorph (19)
Scrolls
 d - 2 scrolls of teleportation {unknown}
 f - 11 scrolls of identify {unknown}
 h - a scroll of fear {unknown}
 r - 2 scrolls of noise {unknown}
 s - a scroll of magic mapping {unknown}
 t - a scroll of recharging {unknown}
 u - a scroll of remove curse {unknown}
Potions
 c - a potion of flight
 e - a potion of heal wounds
 g - 2 potions of curing {unknown}
 i - 2 potions of mutation {unknown}
 j - a potion of magic {unknown}
 k - 2 potions of lignification
 n - a potion of haste {unknown}
 o - a potion of cancellation {unknown}
 v - a potion of resistance {unknown}
Comestibles
 b - 4 bread rations
 m - a slice of pizza
 q - 3 fruits


   Skills:
 - Level 2.4 Fighting
 - Level 2.4 Dodging
 - Level 1.1 Stealth
 + Level 8.4 Unarmed Combat


You had 5 spell levels left.
You didn't know any spells.

Dungeon Overview and Level Annotations

Branches:
Dungeon (5/15)
 Temple: D:4-7

Altars:
Cheibriados
Nemelex Xobeh
Qazlal
Ru
Vehumet


Innate Abilities, Weirdness & Mutations

You are too large for most types of armour.
You have claws for hands.
Your metabolism is lightning-fast.
You like to eat raw meat.
You heal very quickly.
You are covered in fur (AC +1).
You have very tough skin (AC +2).


Message History

You are too injured to fight recklessly!
You are too injured to fight recklessly!
You are too injured to fight recklessly!
You cannot move.
You cannot move.
You cannot move.
You cannot move.
You cannot move.
You cannot move.
You cannot move.
You cannot move.
The gnoll hits you but does no damage. The gnoll hits you but does no damage.
The gnoll hits you but does no damage.
You feel less woody.
Your +0 robe unmelds from your body.
The gnoll hits you from afar with a spear!
* * * LOW HITPOINT WARNING * * *
The gnoll hits you from afar with a spear!
You die...

...............
...........$....
................
.................
..............<...
#.............$.....
.#...........).......
#.#..........@).......
#.#..........)[g......
#.#.?.................
#.#...$..................
#.#.......................
..#........................
###..).....%................
##..........................
#...........................


You could see a gnoll.

Vanquished Creatures
  An ogre (D:4)
  A scorpion (D:5)
  2 hounds (D:4)
  A giant frog skeleton (D:4)
  An orc priest (D:5)
  2 orc wizards
  An iguana (D:4)
  A hound skeleton (D:4)
  4 adders
  A shadow imp (D:3)
  An adder zombie (D:5)
  4 worms
  3 giant geckos
  9 orcs
  2 ball pythons
  4 giant cockroaches
  5 hobgoblins
  7 bats
  3 giant newts
  7 goblins
  6 jackals
  8 kobolds
  8 rats
82 creatures vanquished.

Notes
Turn   | Place    | Note
--------------------------------------------------------------
     0 | D:1      | Volodja the Troll Monk began the quest for the Orb.
     0 | D:1      | Reached XP level 1. HP: 22/22 MP: 0/0
   332 | D:1      | Reached XP level 2. HP: 29/29 MP: 1/1
  1050 | D:2      | Found a stormy altar of Qazlal.
  1148 | D:2      | Reached skill level 5 in Unarmed Combat
  1148 | D:2      | Reached XP level 3. HP: 36/36 MP: 2/2
  1189 | D:2      | Found a sparkling altar of Nemelex Xobeh.
  1556 | D:2      | Found a radiant altar of Vehumet.
  1764 | D:3      | Reached XP level 4. HP: 37/44 MP: 3/3
  2031 | D:3      | Found a sacrificial altar of Ru.
  2378 | D:4      | Reached skill level 6 in Unarmed Combat
  2498 | D:4      | Found a snail-covered altar of Cheibriados.
  2563 | D:4      | Reached XP level 5. HP: 37/50 MP: 4/4
  2594 | D:4      | Noticed an ogre
  2601 | D:4      | Killed an ogre
  2601 | D:4      | Reached skill level 7 in Unarmed Combat
  2735 | D:4      | Reached XP level 6. HP: 54/59 MP: 5/5
  2756 | D:4      | Found a stormy altar of Qazlal.
  3194 | D:5      | Entered Level 5 of the Dungeon
  3241 | D:5      | Reached skill level 8 in Unarmed Combat
  3306 | D:5      | Slain by a gnoll

Vault maps used:
D:1:      ncdulo_watergridlock
D:2:      vehumet_crystals, nemelex_xobeh_ov_fountains_minmay,
          old_standard_altar
D:3:      nicolae_ru_sacrificial_ziggurat
D:4:      cheibriados_altar_1, small_statue_intersection, grunt_qazlal_sundering
D:5:      lemuel_ice_spiral_2, first_bread

Action                   |  1- 3 |  4- 6 || total
-------------------------+-------+-------++-------
Melee: Unarmed           |    99 |   115 ||   214
  Use: Potion            |       |     3 ||     3
 Stab: Sleeping          |     1 |     3 ||     4
  Eat: Chunk             |    19 |    16 ||    35
